 Dungeon Crawl Stone Soup version 0.29-a0-1023-g6ae1a4a2c7 (webtiles) character file.

Game seed: 12339108881194132844

28 Zeldest the Sneak (level 3, -1/20 HPs)
             Began as a Vine Stalker Delver on Aug 11, 2022.
             Slain by a water moccasin (4 damage)
             ... on level 4 of the Dungeon.
             The game lasted 00:00:43 (66 turns).

Zeldest the Sneak (Vine Stalker Delver)               Turns: 66, Time: 00:00:44

Health: -1/20      AC:  3    Str: 16    XL:     3   Next: 12%
Magic:  0/4        EV: 11    Int: 10    God:
Gold:   0          SH:  0    Dex: 15    Spells: 2/2 levels left

rFire   . . .      SeeInvis .     - Unarmed
rCold   . . .      Faith    .   (no shield)
rNeg    . . .      Spirit   +   a - +0 leather armour
rPois   .          Reflect  .   (no helmet)
rElec   .          Harm     .   (no cloak)
rCorr   .          Rampage  .   (no gloves)
Will    .....                   (no boots)
Stlth   +++.......              (no amulet)
HPRegen 0.06/turn               (no ring)
MPRegen 0.09/turn               (no ring)

@: hasted, very quick
A: fangs 2, magic shield, antimagic bite, no potion heal 2
a: no special abilities


You were on level 4 of the Dungeon.
You visited 1 branch of the dungeon, and saw 2 of its levels.

Inventory:

Armour
 a - a +0 leather armour (worn)
Wands
 f - a wand of digging (3)


   Skills:
 + Level 3.0 Fighting
 - Level 1.5 Dodging
 - Level 6.0 Stealth
 * Level 2.8 Unarmed Combat
 + Level 1.0 Evocations


You had 2 spell levels left.
You didn't know any spells.
Your spell library was empty.

Dungeon Overview and Level Annotations

Branches:
Dungeon (5/15)             Temple (0/1) D:5

Altars:

Annotations:
D:4 Pikel


Innate Abilities, Weirdness & Mutations

You have extremely sharp teeth.
When hurt, damage is shared between your health and your magic reserves.
Your bite disrupts and absorbs the magic of your enemies.
Potions cannot restore your health.


Message History

The hound stops to sniff the ground.
The hound closely misses you.
You hit the hound but do no damage. Your bite misses the hound.
The hound is lightly wounded.
The hound bites you but does no damage.
You hit the hound.
The hound is moderately wounded.
The hound bites you.
You miss the hound. Your bite misses the hound.
The hound is moderately wounded.
The hound barely misses you. The hound bites you.
* * * LOW HITPOINT WARNING * * *
You barely miss the hound. You bite the hound, but do no damage.
The hound is moderately wounded.
The hound barely misses you.
You closely miss the hound. You bite the hound. You drain its power.
You feel invigorated.
The hound is moderately wounded.
The hound bites you.
* * * LOW HITPOINT WARNING * * *
The hound bites you.
You hit the hound. You bite the hound. You drain its power.
You feel invigorated.
The hound is almost dead.
The hound barely misses you.
You closely miss the hound.
The hound is almost dead.
The hound barely misses you.
You barely miss the hound. You bite the hound.
You kill the hound!
Your Fighting skill increases to level 3!
Your Evocations skill increases to level 1!
You have reached level 2!
You have reached level 3!
Your experience leads to an increase in your attributes!
Increase (S)trength, (I)ntelligence, or (D)exterity?
You feel stronger. x2
You aren't carrying any scrolls.
You feel yourself speed up. The water moccasin bites you!
You die...

##### ##...
#####..§######.##
.......gS@§§5.5..
####.§§#######K.
##.## ######S###
..........#
########.># #S.#
....S ###..##


You could see a water moccasin and a hobgoblin.

Vanquished Creatures
  A hound (D:4)
1 creature vanquished.

Notes
Turn   | Place    | Note
-------+----------+-------------------------------------------
     0 | D:5      | Zeldest the Vine Stalker Delver began the quest for the
                  | Orb.
     0 | D:5      | Reached XP level 1. HP: 11/11 MP: 2/2
    28 | D:5      | Noticed a hound
    32 | D:5      | Noticed a necrophage
    39 | D:5      | Noticed an iguana
    46 | D:5      | Found a staircase to the Ecumenical Temple.
    48 | D:4      | Noticed a water moccasin
    52 | D:4      | Noticed a lemure
    52 | D:4      | Noticed a lemure
    53 | D:4      | Noticed Pikel
    65 | D:4      | Killed a hound
    66 | D:4      | Reached skill level 1 in Evocations
    66 | D:4      | Reached XP level 2. HP: 2/16 MP: 3/3
    66 | D:4      | Reached XP level 3. HP: 3/20 MP: 4/4
    66 | D:4      | Slain by a water moccasin

Illustrated notes

Levels and vault maps discovered:
D:4:      layout_loops_ring, uniq_pikel
D:5:      layout_cave_pools, mainiacjoe_overflow_concentric_impassable,
          minmay_temple_entry_mist

Skill      XL: |  1 |
---------------+----+-----
Fighting       | 3 |  3.0
Evocations     | 1 |  1.0
Dodging        | |  1.5
Stealth        | |  6.0
Unarmed Combat | |  2.8

Action                   || total
-------------------------++-------
Melee: Unarmed           ||    10
       Bite              ||     4
  Use: Scroll            ||     3
       Potion            ||     1
Armor: Leather armour    ||     5
Dodge: Dodged            ||    13

Table legend: (Time is in decaauts)
 A = Elapsed time spent in this place.
 B = Non-inter-level travel time spent in this place.
 C = Inter-level travel time spent in this place.
 D = Time resting spent in this place.
 E = Time spent auto-exploring this place.
 F = Levels seen in this place.
 G = Mean time per level.
                   A        B        C        D        E       F      G
               +--------+--------+--------+--------+--------+-----+--------+
         Total |     65 |     65 |      0 |      0 |      0 |   2 |   32.5 |
       Dungeon |     65 |     65 |      0 |      0 |      0 |   2 |   32.5 |
               +--------+--------+--------+--------+--------+-----+--------+

Top non-repeatable levels by time:
     D:5: 48 daAuts
     D:4: 17 daAuts
